 Dungeon Crawl Stone Soup version 0.17-a0-1741-gd5e8965 (webtiles) character file.

259 KambridgeKobold the Sneak (level 5, -2/24 HPs)
             Began as a Spriggan Enchanter on Aug 31, 2015.
             Killed by divine providence
             ... invoked by an orc priest
              (14 damage)
             ... on level 4 of the Dungeon.
             The game lasted 00:09:31 (3577 turns).

KambridgeKobold the Sneak (Spriggan Enchanter)      Turns: 3577, Time: 00:09:31

Health: -2/24      AC:  6    Str:  5    XL:     5   Next: 95%
Magic:  10/10      EV: 18    Int: 17    God:
Gold:   144        SH:  0    Dex: 16    Spells: 4 memorised, 1 level left

rFire  . . .     SeeInvis +     i - +0 short sword (venom)
rCold  . . .     Clarity  .     b - +1 robe
rNeg   . . .     SustAt   .     (shield restricted)
rPois  .         Gourm    .     (helmet restricted)
rElec  .         Spirit   .     j - +2 cloak
rCorr  .         Warding  .     (gloves unavailable)
rMut   .         Stasis   .     (boots unavailable)
MR     .....                    (no amulet)
Stlth  ++++......               (no ring)
                                (no ring)

@: very quick, not resistant to hostile enchantments, stealthy
A: unfitting armour, see invisible, herbivore 3, speed 3, slow metabolism 2
a: no special abilities


You were on level 4 of the Dungeon.
You were not hungry.

You visited 1 branch of the dungeon, and saw 4 of its levels.

You collected 144 gold pieces.

Inventory:

Hand weapons
 a - a +1 dagger
 i - a +0 short sword of venom (weapon)
Armour
 b - a +1 robe (worn)
 j - a +2 cloak (worn)
Jewellery
 n - an uncursed ring of fire
Magical devices
 p - a wand of digging (12)
Scrolls
 e - a scroll of enchant armour {unknown}
 f - a scroll of identify {unknown}
 g - 2 scrolls of blinking {unknown}
 h - 2 scrolls of remove curse {unknown}
 l - a scroll of recharging {unknown}
 m - a scroll of amnesia {unknown}
 q - 2 scrolls of teleportation {unknown}
 r - a scroll of fear {unknown}
 s - a scroll of enchant weapon {unknown}
Potions
 k - a potion of resistance {unknown}
Books
 c - a book of Maledictions

   Spells                             Type                      Level
   a - Corona                         Hexes                        1
   b - Ensorcelled Hibernation        Hexes/Ice                    2
   c - Confuse                        Hexes                        3
   d - Tukima's Dance                 Hexes                        3
   e - Dazzling Spray                 Conjuration/Hexes            3
Comestibles
 d - 3 bread rations
 o - 5 fruits


   Skills:
 + Level 3.8 Short Blades
 - Level 3.0 Dodging
 + Level 7.1 Stealth
 - Level 3.0 Spellcasting
 + Level 5.1 Hexes


You had one spell level left.
You knew the following spells:

 Your Spells              Type           Power        Failure   Level  Hunger
a - Corona                Hex            ###....      2%          1    None
b - Ensorcelled Hibernat  Hex/Ice        ##....       12%         2    ##.....
c - Confuse               Hex            ###.....     10%         3    ###....
d - Dazzling Spray        Conj/Hex       ##......     21%         3    ###....


Dungeon Overview and Level Annotations

Branches:
Dungeon (4/15)
 Temple: D:4-7

Altars:
Cheibriados
Nemelex Xobeh

Shops:
D:4 [


Innate Abilities, Weirdness & Mutations

You are tiny and cannot use many weapons and most armour.
You have supernaturally acute eyesight.
You are a herbivore.
You cover ground extremely quickly.
You need consume almost no food.


Message History

The orc priest shouts!
You hit the quokka skeleton. The quokka skeleton barely misses you.
The orc completely misses you. The orc hits you with a dagger.
The quokka skeleton completely misses you.
The orc priest miscasts a cantrip.
There is an escape hatch in the ceiling here.
The quokka skeleton misses you.
You barely miss the quokka skeleton. You hit the quokka skeleton.
The quokka skeleton closely misses you.
You hit the quokka skeleton but do no damage.
The quokka skeleton bites you but does no damage.
You hit the quokka skeleton.
You destroy the quokka skeleton!
You hit the orc.
You kill the orc!
You closely miss the orc.
The orc priest calls down the wrath of Beogh upon you.
Something smites you!
Ouch! That really hurt!
You die...

#..........#
#..........# #
#......####.##.
#####............
#..o)...........(##
.....l..o.o.####.#...
.##.#######l#.o...... #
#o#.......$#
#@#........#
#..........#
##.........##
##.........!
#..........
####..>(......
##..........# #
##.†.........#..
########..............)


You could see an orc priest, an orc and a giant gecko.

Vanquished Creatures
  A scorpion (D:4)
  A hound (D:3)
  Ijyb (D:3)
  A worker ant (D:4)
  4 adders
  2 oozes (D:1)
  2 worms
  3 giant geckos
  3 orcs
  A giant cockroach (D:3)
  12 hobgoblins
  6 jackals
  2 ball pythons
  5 bats
  4 giant newts
  7 goblins
  9 kobolds
  A quokka (D:2)
  A quokka skeleton (D:4)
  7 rats
73 creatures vanquished.

Notes
Turn   | Place    | Note
--------------------------------------------------------------
     0 | D:1      | KambridgeKobold the Spriggan Enchanter began the quest for the Orb.
     0 | D:1      | Reached XP level 1. HP: 9/9 MP: 5/5
   177 | D:1      | Reached XP level 2. HP: 8/13 MP: 7/7
   183 | D:1      | Learned a level 2 spell: Ensorcelled Hibernation
   327 | D:1      | Reached skill level 5 in Stealth
   539 | D:1      | You fall through a shaft!
   592 | D:2      | Reached XP level 3. HP: 16/16 MP: 8/8
  1221 | D:2      | Reached XP level 4. HP: 19/21 MP: 9/9
  1331 | D:2      | Found a snail-covered altar of Cheibriados.
  2323 | D:3      | Learned a level 3 spell: Confuse
  2365 | D:3      | Reached skill level 6 in Stealth
  2865 | D:3      | Reached XP level 5. HP: 24/24 MP: 10/10
  3041 | D:3      | Noticed Ijyb
  3048 | D:3      | Killed Ijyb
  3485 | D:4      | Found Seseykhli's Antique Armour Shop.
  3508 | D:4      | Learned a level 3 spell: Dazzling Spray
  3552 | D:4      | Reached skill level 7 in Stealth
  3552 | D:4      | Reached skill level 5 in Hexes
  3553 | D:4      | Found a sparkling altar of Nemelex Xobeh.
  3577 | D:4      | Killed from afar by an orc priest

Vault maps used:
D:1:      erik_arrival_gehennom, nrook_mini_backslash
D:2:      lemuel_doored_altar
D:3:      first_bread, uniq_iyjb
D:4:      grunt_temple_overflow_open, serial_shops,
          nicolae_shop_competitors_out_of_business, uniq_natasha

Action                   |  1- 3 |  4- 6 || total
-------------------------+-------+-------++-------
Melee: Dagger            |    65 |    41 ||   106
       Short sword       |       |    65 ||    65
 Cast: Corona            |     8 |     2 ||    10
       Ensorcelled Hiber |    16 |    14 ||    30
Evoke: Wand              |       |     1 ||     1
 Stab: Sleeping          |    18 |    17 ||    35
  Eat: Pizza             |       |     1 ||     1
